 Dungeon Crawl Stone Soup version 0.30-a0-702-gdf48620 (webtiles) character file.

Game seed: 12981285244780865812

2443215 Stephen2Aus the Evocator (level 27, 226/226 HPs)
             Began as a Gnoll Summoner on Jan 15, 2023.
             Was the Champion of Cheibriados.
             Escaped with the Orb
             ... and 4 runes on Jan 21, 2023!
             The game lasted 07:50:28 (66591 turns).

Stephen2Aus the Evocator (Gnoll Summoner)          Turns: 66591, Time: 07:50:29

Health: 226/226    AC: 20    Str: 27      XL:     27
Magic:  48/48      EV: 42    Int: 41      God:    Cheibriados [******]
Gold:   5891       SH:  0    Dex: 25 (27) Spells: 14/68 levels left

rFire   + + .      SeeInvis .      - Unarmed
rCold   + + .      Faith    .    (shield currently unavailable)
rNeg    + . .      Spirit   .    (body armour currently unavailable)
rPois   ∞          Reflect  .    (helmet currently unavailable)
rElec   +          Harm     .    (cloak currently unavailable)
rCorr   +          Rampage  .    (gloves currently unavailable)
Will    ++...                    (boots currently unavailable)
Stlth   +++                      L - amulet "Kiux" {RegenMP Slay+3}
HPRegen 0.57/turn                A - ring of Ynexkiw {rF+ rC++ rCorr Int+2 Dex-4}
MPRegen 0.71/turn                B - ring "Kianiod" {Wiz rF+ rN+ Str+3}

@: storm-form, wereblooded, flying, studying 3 skills, very slow
A: cleaving, insubstantial, flying, (fangs 1), strong nose, distributed
training, deterioration 1, (poison resistance), subdued magic 1
0: Orb of Zot
}: 4/15 runes: decaying, serpentine, slimy, silver
a: Blinkbolt, End Transformation, Renounce Religion, Bend Time, Temporal
Distortion, Slouch, Step From Time


You escaped.
You worshipped Cheibriados.
Cheibriados was exalted by your worship.
You were a lightning-filled tempest!
You visited 12 branches of the dungeon, and saw 56 of its levels.
You visited 1 ziggurat, and saw 12 of its levels.

You collected 8050 gold pieces.
You spent 2159 gold pieces at shops.

Inventory:

Missiles
 a - 7 silver javelins
Armour
 d - the +2 pair of gloves of Efaijeut (melded) {rC+ Slay+3}
   (You found it on level 3 of the Elven Halls)

   Slay:      It affects your accuracy & damage with ranged weapons and melee
   (+3).
   rC:        It protects you from cold.
 v - a +2 cloak of willpower (melded)
 y - a +2 pair of boots (melded)
 z - a +2 hat of see invisible (melded)
 P - the +0 robe "Sidwuz" (melded) {*Corrode rC+ rN+++ Int+5}
   (You found it on level 3 of a ziggurat)

   Int:       It affects your intelligence (+5).
   rC:        It protects you from cold.
   rN:        It renders you almost immune to negative energy.
   *Corrode:  It may corrode you when you take damage.
 Y - a +5 kite shield of protection (melded)
Jewellery
 o - the ring "Jakuad" {rC+ rN+ Str+2 Slay+5}
   (You acquired it on level 5 of the Pits of Slime)

   [ring of positive energy]

   Str:       It affects your strength (+2).
   Slay:      It affects your accuracy & damage with ranged weapons and melee
   (+5).
   rC:        It protects you from cold.
   rN:        It protects you from negative energy.
 s - the ring of Cunkyvi {rElec rPois rC+ rN+ Dex-5}
   (You acquired it on level 3 of the Crypt)

   [ring of protection from cold]

   Dex:       It affects your dexterity (-5).
   rC:        It protects you from cold.
   rElec:     It insulates you from electricity.
   rPois:     It protects you from poison.
   rN:        It protects you from negative energy.
 A - the ring of Ynexkiw (left fist) {rF+ rC++ rCorr Int+2 Dex-4}
   (You found it on level 3 of the Elven Halls)

   [ring of protection from fire]

   Int:       It affects your intelligence (+2).
   Dex:       It affects your dexterity (-4).
   rF:        It protects you from fire.
   rC:        It greatly protects you from cold.
   rCorr:     It protects you from acid and corrosion.
 B - the ring "Kianiod" (right fist) {Wiz rF+ rN+ Str+3}
   (You found it on level 1 of the Swamp)

   [ring of wizardry]

   It improves your spell success rate.
   Str:       It affects your strength (+3).
   rF:        It protects you from fire.
   rN:        It protects you from negative energy.
 L - the amulet "Kiux" (around neck) {RegenMP Slay+3}
   (You took it off a deep elf demonologist on level 4 of the Depths)

   [amulet of magic regeneration]

   It increases your rate of magic regeneration.
   Slay:      It affects your accuracy & damage with ranged weapons and melee
   (+3).
Wands
 f - a wand of charming (88)
 h - a wand of light (22)
 l - a wand of polymorph (40)
 K - a wand of mindburst (53)
 R - a wand of roots (57)
 S - a wand of digging (36)
 W - a wand of flame (128)
Scrolls
 c - 13 scrolls of magic mapping
 j - 11 scrolls of blinking
 k - a scroll of poison
 m - 5 scrolls of silence
 n - 3 scrolls of summoning
 q - 14 scrolls of fog
 r - 6 scrolls of enchant armour
 u - 8 scrolls of enchant weapon
 x - 16 scrolls of teleportation
 D - 5 scrolls of amnesia
 G - 10 scrolls of fear
 J - a scroll of brand weapon
Potions
 b - 7 potions of magic
 e - 20 potions of curing
 i - 10 potions of invisibility
 p - 8 potions of might
 t - 12 potions of flight
 w - 8 potions of heal wounds
 C - 7 potions of mutation
 E - 4 potions of resistance
 F - 2 potions of ambrosia
 H - 15 potions of brilliance
 M - 6 potions of lignification
 O - 4 potions of cancellation
Miscellaneous
 g - a box of beasts
 I - a phantom mirror
 T - a phial of floods


   Skills:
 + Level 20.5 Fighting
 + Level 20.5 Short Blades
 + Level 20.5 Long Blades
 + Level 20.5 Axes
 + Level 20.5 Maces & Flails
 + Level 20.5 Polearms
 + Level 20.5 Staves
 + Level 20.5 Ranged Weapons
 + Level 20.5 Throwing
 + Level 22.1 Armour
 + Level 20.9 Dodging
 + Level 20.8 Stealth
 + Level 20.5 Shields
 + Level 20.5 Unarmed Combat
 + Level 21.0 Spellcasting
 + Level 17.5 Conjurations
 + Level 17.5 Hexes
 + Level 20.8 Summonings
 + Level 17.5 Necromancy
 + Level 17.5 Translocations
 + Level 17.5 Transmutations
 + Level 17.5 Fire Magic
 + Level 17.5 Ice Magic
 + Level 17.5 Air Magic
 + Level 17.5 Earth Magic
 + Level 17.5 Poison Magic
 + Level 22.1 Invocations
 + Level 23.6 Evocations


You had 14 spell levels left.
You knew the following spells:

 Your Spells              Type           Power      Damage    Failure   Level
a - Storm Form            Tmut/Air       48%        N/A       1%          7
b - Wereblood             Tmut           97%        N/A       0%          2
c - Malign Gateway        Summ/Tloc      50%        N/A       1%          7
d - Summon Forest         Summ/Tloc      50%        N/A       0%          5
f - Manifold Assault      Tloc           97%        N/A       0%          4
g - Blink                 Tloc           100%       N/A       0%          2
h - Borgnjor's Vile Clut  Necr/Erth      48%        N/A       0%          5
i - Haunt                 Necr/Summ      50%        N/A       1%          7
j - Statue Form           Tmut/Erth      64%        N/A       1%          6
k - Dragon's Call         Summ           52%        N/A       3%          9

Your spell library contained the following spells:

 Spells                   Type           Power      Damage    Failure   Level
 Beastly Appendage        Tmut           100%       N/A       0%          1
 Foxfire                  Conj/Fire      100%       2x1d9     0%          1
 Kiss of Death            Conj/Necr      100%       2d13      0%          1
 Magic Dart               Conj           100%       1d8       0%          1
 Shock                    Conj/Air       100%       1d9       0%          1
 Slow                     Hex            100%       N/A       0%          1
 Summon Small Mammal      Summ           100%       N/A       0%          1
 Call Imp                 Summ           100%       N/A       0%          2
 Ensorcelled Hibernation  Hex/Ice        100%       N/A       0%          2
 Lesser Beckoning         Tloc           100%       N/A       0%          2
 Momentum Strike          Conj/Tloc      100%       3d10      0%          2
 Passwall                 Tmut/Erth      80%        N/A       0%          2
 Scorch                   Fire           100%       2d10      0%          2
 Searing Ray              Conj           100%       2d8       0%          2
 Static Discharge         Conj/Air       100%       2-7/arc   0%          2
 Call Canine Familiar     Summ           100%       N/A       0%          3
 Confusing Touch          Hex            97%        N/A       0%          3
 Dazzling Flash           Conj/Hex       100%       N/A       0%          3
 Ignite Poison            Fire/Tmut/Pois 97%        N/A       0%          3
 Inner Flame              Hex/Fire       97%        N/A       0%          3
 Kindle Blastsparks       Fire/Tloc/Air  100%       2d18      0%          3
 Mephitic Cloud           Conj/Pois/Air  97%        N/A       0%          3
 Ozocubu's Armour         Ice            97%        N/A       0%          3
 Portal Projectile        Hex/Tloc       100%       N/A       0%          3
 Spider Form              Tmut/Pois      97%        N/A       0%          3
 Summon Guardian Golem    Hex/Summ       100%       N/A       0%          3
 Swiftness                Air            97%        N/A       0%          3
 Tukima's Dance           Hex            97%        N/A       0%          3
 Vampiric Draining        Necr           97%        2d12      0%          3
 Vhi's Electric Charge    Tloc/Air       100%       N/A       0%          3
 Airstrike                Air            48%        2d(7-23)  0%          4
 Anguish                  Hex/Necr       48%        N/A       0%          4
 Animate Dead             Necr           97%        N/A       0%          4
 Cause Fear               Hex            48%        N/A       0%          4
 Dispel Undead            Necr           97%        3d30      0%          4
 Flame Wave               Conj/Fire      97%        2d20      0%          4
 Fulminant Prism          Conj/Hex       48%        3d21      0%          4
 Iskenderun's Mystic Bla  Conj/Tloc      97%        2d19      0%          4
 Olgreb's Toxic Radiance  Pois           97%        N/A       0%          4
 Passage of Golubria      Tloc           97%        N/A       0%          4
 Petrify                  Tmut/Erth      97%        N/A       0%          4
 Sticky Flame             Conj/Fire      97%        2d11      0%          4
 Summon Ice Beast         Ice/Summ       100%       N/A       0%          4
 Summon Lightning Spire   Summ/Air       100%       N/A       0%          4
 Alistair's Intoxication  Tmut/Pois      64%        N/A       0%          5
 Arcjolt                  Conj/Air       48%        1d58      0%          5
 Blade Hands              Tmut           48%        N/A       0%          5
 Freezing Cloud           Conj/Ice/Air   48%        6-21      0%          5
 Irradiate                Conj/Tmut      48%        3d27      0%          5
 Lee's Rapid Deconstruct  Erth           48%        3d23*     0%          5
 Lightning Bolt           Conj/Air       48%        1d69      0%          5
 Metabolic Englaciation   Hex/Ice        48%        N/A       0%          5
 Silence                  Hex/Air        48%        N/A       0%          5
 Summon Mana Viper        Hex/Summ       100%       N/A       0%          5
 Yara's Violent Unravell  Hex/Tmut       48%        3d19      0%          5
 Summon Cactus Giant      Summ           52%        N/A       0%          6
 Conjure Ball Lightning   Conj/Air       48%        3x3d17    1%          6
 Death Channel            Necr           48%        N/A       1%          6
 Dispersal                Tloc           48%        N/A       1%          6
 Eringya's Noxious Bog    Tmut/Pois      48%        N/A       1%          6
 Starburst                Conj/Fire      48%        6d13      1%          6
 Dragon Form              Tmut           48%        N/A       1%          7
 Enfeeble                 Hex            48%        N/A       1%          7
 Monstrous Menagerie      Summ           52%        N/A       1%          7
 Orb of Destruction       Conj           48%        9d13      1%          7
 Ozocubu's Refrigeration  Ice            48%        4d18      1%          7
 Spellforged Servitor     Conj/Summ      50%        N/A       1%          7
 Summon Hydra             Summ           52%        N/A       1%          7
 Discord                  Hex            48%        N/A       1%          8
 Disjunction              Tloc           48%        N/A       1%          8
 Ignition                 Fire           48%        3d14      1%          8
 Infestation              Necr           48%        N/A       1%          8
 Lehudib's Crystal Spear  Conj/Erth      48%        10d12     1%          8
 Maxwell's Capacitive Co  Air            48%        ∞         1%          8
 Summon Horrible Things   Summ           52%        N/A       1%          8
 Chain Lightning          Conj/Air       48%        3d64      14%         9
 Fire Storm               Conj/Fire      48%        8d12      14%         9
 Shatter                  Erth           48%        3d37*     14%         9


Dungeon Overview and Level Annotations

Branches:
Dungeon (15/15)            Temple (1/1) D:5            Lair (5/5) D:9
  Swamp (4/4) Lair:2        Snake (4/4) Lair:3        Slime (5/5) Lair:5
    Orc (2/2) D:11            Elf (3/3) Orc:2        Vaults (5/5) D:14
  Crypt (3/3) Vaults:3       Tomb (0/3) Crypt:3      Depths (4/4) D:15
    Zot (5/5) Depths:4

Altars:
Ashenzari
Cheibriados
Dithmenos
Elyvilon
Fedhas
Gozag
Hepliaklqana
Kikubaaqudgha
Makhleb
Nemelex Xobeh
Okawaru
Qazlal
Ru
Sif Muna
Trog
Uskayaw
Vehumet
Wu Jian
Xom
Yredelemnul
Zin
The Shining One

Shops:
D:7 *   Orc:1 :   Orc:2 (=*([*   Elf:1 !?*   Elf:2 *   Elf:3 ?   Snake:1 :=:
Vaults:1 [   Vaults:2 *   Vaults:5 :   Depths:1 *

Portals:
Hell: Depths:1 Depths:2 Depths:3 Depths:4
Abyss: Depths:1 Depths:2 Depths:3 Depths:4
Pandemonium: Depths:2 Depths:4
Trove: Depths:3 (give 2 scrolls of acquirement)

Annotations:
Depths:4 5 runed translucent doors
Zot:1 4 transporters


Innate Abilities, Weirdness & Mutations

You are a lightning-filled tempest!
Your electrical attacks strike out in all directions at once.
You are incredibly evasive.
Your insubstantial body is immune to petrification, constriction, and being set on fire You are flying.
Your armour is entirely melded.
You are incapable of wielding weapons or throwing items.
((You have very sharp teeth.))
Your uncanny sense of smell can sniff out nearby items.
Your experience applies equally to all skills.
Your body sometimes deteriorates upon taking damage.
((Your system is resistant to poisons. (rPois)))
Your spells are a little easier to cast, but a little less powerful.


Message History

You hit the reaper but do no damage.
The reaper is almost dead.
You blast the demonspawn blood saint!!!
Lightning courses through the demonspawn blood saint!
You kill the demonspawn blood saint!
Cheibriados thoroughly appreciates the change of pace.
You barely miss the demonspawn warmonger.
You punch the demonspawn warmonger!
The demonspawn warmonger is lightly wounded.
The reaper completely misses you.
You blast the demonspawn warmonger!!!!
You punch the demonspawn warmonger, but do no damage.
The demonspawn warmonger is severely wounded.
You blast the demonspawn warmonger!!!!
You kill the demonspawn warmonger!
Cheibriados appreciates the change of pace.
The reaper closely misses you.
You bellow as the wereblood boils in your veins!
The reaper misses you. The reaper completely misses you.
Things that are here:
a +0 battleaxe of flaming; a +2 longbow of freezing; a +1 chain mail of fire resistance You hit the reaper but do no damage.
You punch the reaper.
You kill the reaper!
Cheibriados appreciates the change of pace.
You feel your intelligence returning.
(D) Dungeon (T) Temple (L) Lair (S) Swamp (P) Snake Pit (M) Slime Pits (O) Orcish Mines (E) Elven Halls (V) Vaults (C) Crypt (W) Tomb (U) Depths (H) Hell (Z) Zot
Where to? (Enter - D:1 @ (x,y), ? - help)
What level of the Dungeon? (default 1, ? - help)
You feel energetic enough to blinkbolt again.
There is an open door here.
You see here a +1 vampiric scythe.
Magic restored.
You bellow as the wereblood boils in your veins!
You bellow as the wereblood boils in your veins!
You bellow as the wereblood boils in your veins!
There is a staircase leading out of the dungeon here.
You have escaped!

#...#~.~#§≈≈#.# #
#...#~.≈#≈≈.#.# #
#...#~.≈#≈..#.# #
#...#...#...#.###### #
#...........#......# #
#...........#......# #
#...........#......####
#...........#..........
#.....v.....######....#
#...........# #....#
############# #.....
#..... #..... ####.#
#.# ##.# #..†


There were no monsters in sight!

Vanquished Creatures
  the Royal Jelly (Slime:5)
  4 orbs of fire
  5 dread liches
  3 ancient liches
  A juggernaut (Depths:4)
  Sojobo (Crypt:1)
  A pandemonium lord (Zot:3)
  Boris (4 times) (Vaults:3 Depths:1 Depths:2 Depths:3)
  A royal mummy (Crypt:3)
  12 Killer Klowns
  3 shard shrikes
  Saint Roka (Snake:2)
  3 curse toes
  Nikola (Vaults:1)
  Jory (Vaults:2)
  the Enchantress (Depths:3)
  3 profane servitors
  5 golden dragons
  The ghost of Pawaof the Spry, a veteran KoBe of Uskayaw (Vaults:3)
  A doom hound (Zig:4)
  4 bone dragons
  2 electric golems (Zot:5)
  A Brimstone Fiend (Zot:3)
  3 hellephants
  A Tzitzimitl (Zig:4)
  10 tentacled monstrosities
  Mlioglotl (Swamp:3)
  4 Ice Fiends
  26 Orb Guardians
  13 quicksilver dragons
  5 liches
  6 titans
  25 acid blobs
  A tainted leviathan (Zig:4)
  4 deep elf blademasters (Elf:3)
  2 deep elf master archers (Elf:3)
  7 ancient champions
  Frances (D:12)
  3 sphinxes
  2 sphinxes (shapeshifter)
  7 death cobs
  9 storm dragons
  8 tengu reavers
  8 shadow dragons
  8 fire giants
  2 fenstrider witches
  4 revenants
  9 draconian monks
  A demonspawn warmonger (D:1)
  3 draconian knights
  2 nagarajas
  8 azure jellies
  3 narguns (Zig:10)
  The ghost of Biss the Grappler, a journeyman TrTm of Sif Muna (Elf:2)
  The ghost of Biss the Grappler, a journeyman TrTm of Sif Muna (Elf:1)
  6 frost giants
  A balrug (Depths:3)
  17 rockslimes
  2 iron dragons
  17 vault wardens
  10 draconian scorchers
  A ghost moth (Zot:5)
  6 deep elf sorcerers
  7 draconian shifters
  4 draconian stormcallers
  3 curse skulls
  A deep elf elementalist (Elf:3)
  2 demonspawn blood saints
  3 spriggan defenders (Depths:3)
  3 reapers
  3 cacodemons
  17 ironbound preservers
  6 draconian annihilators
  16 stone giants
  8 quicksilver oozes
  9 war gargoyles
  16 very ugly things
  A caustic shrike skeleton (Crypt:3)
  15 ironbound thunderhulks
  3 eleionomae
  3 green draconians
  10 vampire knights
  6 deep elf demonologists
  13 black draconians
  2 putrid mouths (Zig:4)
  A juggernaut skeleton (Crypt:3)
  8 yellow draconians
  The ghost of Wizard1ke the Skirmisher, a journeyman TrHu of the Shining One (Lair:3)
  24 purple draconians
  4 bunyips
  A wendigo (Zig:10)
  2 dire elephants
  4 deep elf annihilators
  14 red draconians
  3 spark wasps (Depths:2)
  4 deep elf death magi
  A crystal guardian (Vaults:3)
  2 quicksilver dragon zombies
  2 pearl dragon zombies (Crypt:3)
  3 blizzard demons
  Josephine (Lair:5)
  12 white draconians
  7 eidola
  8 ettins
  A merfolk impaler (Zig:5)
  8 fire dragons
  A quicksilver dragon skeleton (Crypt:1)
  4 great orbs of eyes
  11 yaktaur captains
  12 jiangshi
  3 rakshasas
  3 entropy weavers
  2 spriggan zombies (Crypt:1)
  29 vault guards
  5 deep elf high priests
  4 hydras
  5 peacekeepers
  14 centaur warriors
  4 anacondas
  2 death knights
  5 spriggan air magi
  8 ironbound frosthearts
  A satyr (Zig:5)
  2 two-headed ogres
  6 ice dragons
  A spriggan skeleton (Crypt:3)
  10 dancing weapons
  A fenstrider witch skeleton (Crypt:1)
  5 boulder beetles
  3 deep troll shamans
  A merfolk aquamancer (Zig:7)
  4 spriggan berserkers
  3 tengu warriors
  11 vampire magi
  An Orb Guardian skeleton (Crypt:1)
  4 naga warriors
  2 orc high priests (Depths:4)
  A deep troll earth mage (Depths:4)
  9 hell hogs
  A sun demon (Depths:2)
  2 spriggans
  3 hell knights (Depths:3)
  2 thrashing horrors (Zig:12)
  3 naga sharpshooters
  3 soul eaters
  3 shock serpents
  9 deep elf knights
  A storm dragon zombie (Depths:1)
  3 shadow wraiths
  A spectral death yak (Lair:5)
  3 iron trolls (Depths:3)
  A cherub (Depths:4)
  18 skeletal warriors
  A storm dragon skeleton (Crypt:3)
  A spark wasp zombie (Crypt:2)
  2 bunyip zombies
  2 goliath frogs
  4 sixfirhies
  2 anaconda zombies (Crypt:1)
  2 shadow demons (Depths:4)
  54 deep trolls
  A glowing orange brain (Zig:12)
  4 deep elf archers
  7 flayed ghosts
  A swamp dragon (Swamp:4)
  2 spriggan druids (Swamp:3)
  12 phantasmal warriors
  3 naga ritualists
  A tengu zombie (Depths:2)
  3 orc knights
  A bunyip skeleton (Crypt:3)
  An orange crystal statue (Zig:11)
  3 bog bodies
  3 sea snakes (Snake:1)
  18 ironbound convokers
  3 wizards
  A golden dragon skeleton (Depths:2)
  4 harpies (Vaults:1)
  8 deep elf pyromancers
  7 deep elf zephyrmancers
  3 mana vipers
  An iron dragon zombie (Crypt:1)
  4 lindwurms (Vaults:1)
  16 necromancers
  2 orc sorcerers
  A will-o-the-wisp (Swamp:1)
  37 ugly things
  2 oklob plants
  8 fauns (Zig:5)
  7 shining eyes
  A human zombie (Crypt:1)
  3 cyclopes
  3 manticores
  An eleionoma skeleton (Crypt:2)
  An ice statue (Zig:11)
  A manticore (shapeshifter) (Depths:4)
  3 frost giant skeletons
  27 vault sentinels
  5 salamanders
  9 moths of wrath
  4 apis skeletons (Crypt:3)
  3 stone giant skeletons
  14 black mambas
  2 elephants (Lair:5)
  A merfolk siren (Zig:5)
  A rust devil (Depths:2)
  2 naga zombies (Crypt:1)
  A toenail golem (Depths:4)
  An eye of devastation (shapeshifter) (Vaults:3)
  An elf zombie (Vaults:3)
  2 smoke demons
  85 slime creatures
  A naga mage (Zig:8)
  A gargoyle (D:14)
  2 cane toads (Lair:1)
  3 orange demons
  A dire elephant skeleton (Crypt:3)
  2 eyes of devastation
  A green draconian zombie (Crypt:1)
  A rime drake (Lair:5)
  Maggie (D:10)
  An alligator snapping turtle skeleton (Crypt:1)
  A komodo dragon (D:12)
  3 kobold demonologists
  3 unseen horrors
  7 freezing wraiths
  A bunyip simulacrum (Swamp:2)
  An orb spider zombie (Crypt:2)
  37 yaktaurs
  2 tormentors (Zig:4)
  2 hydra zombies
  2 red devils
  2 trolls
  4 guardian mummies (Crypt:3)
  2 ice devils
  A red draconian skeleton (Crypt:3)
  4 tengu conjurers
  A polar bear (Lair:2)
  3 hornets
  4 merfolk (Zig:5)
  A bloated husk (Swamp:4)
  2 hellwings
  A mana viper skeleton (Crypt:1)
  A tyrant leech (Swamp:1)
  3 blink frogs
  A blink frog (shapeshifter) (D:13)
  A harpy skeleton (Crypt:3)
  2 nameless horrors
  A snapping turtle (Zig:5)
  A stone giant simulacrum (Depths:1)
  2 ettin zombies
  2 air elementals
  A spectral elephant (Lair:5)
  15 flying skulls
  An ice dragon skeleton (Crypt:1)
  A merfolk skeleton (Crypt:1)
  5 wraiths
  A large abomination (Zig:12)
  A ynoxinul (Depths:2)
  2 vampires (Crypt:3)
  2 ettin skeletons
  A steam dragon (D:8)
  10 water elementals
  A wind drake skeleton (Crypt:3)
  A basilisk (Lair:4)
  A golden eye (shapeshifter) (Vaults:5)
  10 golden eyes
  Grum (D:11)
  18 yaks
  3 vampire mosquitoes
  A warg (Orc:1)
  A fire elemental (Elf:1)
  11 nagas
  2 redbacks
  2 swamp worms
  5 water moccasins
  A glowing shapeshifter skeleton (Depths:2)
  3 hydra simulacra
  A naga skeleton (Crypt:1)
  2 swamp drakes (Swamp:4)
  A two-headed ogre skeleton (Crypt:2)
  2 floating eyes
  6 orc warriors
  3 ettin simulacra
  An alligator simulacrum (Swamp:2)
  8 boggarts
  A wolf (shapeshifter) (Vaults:5)
  A snapping turtle skeleton (Crypt:2)
  8 wolves
  An ogre (Orc:2)
  8 centaurs
  A bullfrog (Lair:2)
  A wyvern zombie (Crypt:3)
  A gnoll sergeant (D:13)
  2 human skeletons (Vaults:3)
  A demonspawn simulacrum (Crypt:1)
  2 scorpions
  2 earth elementals (Elf:1)
  A wyvern skeleton (Crypt:2)
  A swamp dragon simulacrum (Crypt:1)
  A killer bee (D:9)
  2 electric eels (Snake:1)
  A raiju skeleton (Crypt:2)
  2 lava snakes (Lair:3)
  2 hounds
  7 orc priests
  8 orc wizards
  7 mummies (Crypt:3)
  2 adders
  6 gnolls
  A shadow imp (D:5)
  A steam dragon skeleton (Crypt:1)
  A worm (D:5)
  A dart slug (D:5)
  8 orcs
  2 ball pythons
  A bat skeleton (Crypt:3)
  3 endoplasms
  A giant cockroach (D:1)
  4 jackals
  4 kobolds
  2 quokkas
  A ball python skeleton (Crypt:2)
  4 bats
  An endoplasm zombie (Crypt:2)
  A hobgoblin zombie (Crypt:3)
  2 rats (D:2)
  4 ball lightnings (Elf:2)
  A starspawn tentacle (Zig:12)
1552 creatures vanquished.

Vanquished Creatures (collateral kills)
  2 ancient liches
  A juggernaut (Depths:4)
  A Killer Klown (Zot:5)
  A golden dragon (Zot:2)
  A bone dragon (Depths:4)
  Jorgrun (D:13)
  A lich (Zig:6)
  A Hell Sentinel (Zig:12)
  A tentacled monstrosity (Zot:2)
  An Orb Guardian (Zot:5)
  Asterion (Vaults:1)
  A titan (Vaults:5)
  A deep elf blademaster (Elf:2)
  An eldritch tentacle (Zot:5)
  An acid blob (Slime:5)
  2 quicksilver dragons
  A sphinx (Vaults:3)
  Gastronok (Lair:2)
  3 thorn hunters (Swamp:4)
  A shadow dragon (Depths:4)
  A tentacled starspawn (Zig:12)
  A storm dragon (Depths:4)
  A draconian monk (Zot:3)
  3 azure jellies (Slime:5)
  3 nagarajas
  A deep elf sorcerer (Vaults:5)
  2 rockslimes (Slime:5)
  4 frost giants
  A draconian scorcher (Zig:7)
  2 vault wardens (Vaults:5)
  3 deep elf elementalists (Elf:3)
  A demonspawn corrupter (Zig:12)
  3 ironbound preservers
  2 orc warlords
  Aizul (Crypt:1)
  A stone giant (Vaults:5)
  A vampire knight (Crypt:3)
  A demonspawn blood saint (Zig:8)
  A draconian annihilator (Zig:7)
  A green draconian (Zot:5)
  3 eleionomae
  A black draconian (Zot:2)
  2 deep elf demonologists
  3 dire elephants
  3 deep elf annihilators (Elf:3)
  A yellow draconian (Zot:2)
  3 bunyips
  4 red draconians
  2 white draconians
  2 purple draconians
  An ettin (Depths:1)
  2 blizzard demons (Zig:11)
  5 deep elf death magi
  2 great orbs of eyes (Slime:5)
  2 jiangshi
  A yaktaur captain (Vaults:5)
  A shambling mangrove (Swamp:3)
  A crystal guardian (Vaults:4)
  4 deep elf high priests
  Fannar (Orc:1)
  2 ice dragons
  An ogre mage (Zig:8)
  10 vault guards
  2 ghost crabs
  18 hydras
  A catoblepas (Lair:2)
  A salamander tyrant (Snake:4)
  4 anacondas
  4 boulder beetles
  A merfolk aquamancer (Zig:7)
  A death knight (Crypt:2)
  Erica (D:10)
  A centaur warrior (Vaults:2)
  A tengu warrior (D:15)
  3 two-headed ogres
  20 dancing weapons
  3 death yaks
  A vampire mage (Zig:9)
  5 alligators
  A thrashing horror (Zig:12)
  An orc high priest (Orc:2)
  3 hell hogs
  A hell knight (Depths:3)
  10 naga warriors
  10 naga sharpshooters
  A spectral dire elephant (Lair:5)
  A spectral death yak (Lair:5)
  A shock serpent (Snake:1)
  3 spriggan berserkers
  Sonja (D:11)
  3 wretched stars (Zig:12)
  A shadow wraith (Zig:9)
  15 deep elf knights
  A skeletal warrior (Crypt:2)
  2 goliath frogs
  8 salamander mystics
  A quicksilver dragon simulacrum (Zig:10)
  A death drake (Swamp:3)
  A spectral anaconda (Lair:5)
  5 deep trolls
  4 flayed ghosts (Zig:9)
  3 bog bodies
  2 spriggan druids
  13 swamp dragons
  A lindwurm (shapeshifter) (Vaults:5)
  2 obsidian statues
  4 ironbound convokers
  4 naga ritualists
  8 necromancers
  11 deep elf archers
  A wizard (Vaults:4)
  2 large abominations (Zig:12)
  10 ugly things
  4 oklob plants
  22 deep elf pyromancers
  9 mana vipers
  12 deep elf zephyrmancers
  4 orc sorcerers
  3 manticores
  6 cyclopes
  A shining eye (Slime:5)
  2 orc knights (Orc:2)
  9 salamanders
  A fire giant zombie (Vaults:2)
  3 moths of wrath
  5 will-o-the-wisps
  A guardian serpent (Snake:3)
  16 naga magi
  17 elephants
  28 black mambas
  Maurice (D:8)
  An ice statue (Zig:11)
  A smoke demon (Zig:12)
  2 torpor snails (Lair:2)
  A vault sentinel (Vaults:2)
  A gargoyle (D:13)
  2 cane toads
  An efreet (D:13)
  2 yaktaurs
  A dire elephant skeleton (Lair:5)
  5 komodo dragons
  A komodo dragon (shapeshifter) (D:14)
  6 rime drakes
  A sea snake zombie (Crypt:1)
  2 ancient zymes (Zig:12)
  2 freezing wraiths
  An ice devil (Zig:11)
  A tengu conjurer (D:14)
  A hydra zombie (Swamp:2)
  5 trolls
  3 tyrant leeches
  A guardian mummy (Crypt:3)
  9 hornets
  A polar bear (Lair:3)
  A harpy skeleton (Crypt:1)
  A hornet (shapeshifter) (Elf:1)
  3 blink frogs
  A spectral elephant (Lair:5)
  A human simulacrum (Vaults:2)
  3 air elementals
  A shadow (D:10)
  6 slime creatures
  2 vampires
  8 spriggans
  2 fire elementals
  29 yaks
  3 wyverns
  A basilisk (D:15)
  Eustachio (D:4)
  5 wraiths (Lair:5)
  A steam dragon (Lair:3)
  14 vampire mosquitoes
  A death yak simulacrum (Lair:5)
  A yaktaur simulacrum (Vaults:2)
  A warg (Orc:2)
  37 nagas
  A spectral cane toad (Lair:5)
  11 swamp worms
  7 water moccasins
  3 hydra simulacra
  2 elephant zombies (Lair:5)
  A glowing shapeshifter skeleton (Vaults:2)
  25 orc warriors
  3 ice beasts
  10 swamp drakes
  An alligator simulacrum (Swamp:2)
  A boggart (Depths:4)
  5 ogres
  4 centaurs
  10 wolves
  8 bullfrogs
  2 kobold brigands
  A gnoll sergeant (D:8)
  2 earth elementals
  A necrophage (D:8)
  2 scorpions
  A cane toad simulacrum (Lair:5)
  A wight (D:7)
  Dowan (D:7)
  2 elephant simulacra (Lair:5)
  5 killer bees
  4 howler monkeys
  A lava snake (Lair:3)
  2 jellies (D:8)
  6 orc priests
  2 hounds
  Crazy Yiuf (D:3)
  An iguana (D:4)
  13 orc wizards
  3 gnolls (D:8)
  7 adders
  A shadow imp (D:6)
  2 white imps
  4 worms
  2 dart slugs
  56 orcs
  4 endoplasms
  2 giant cockroaches (D:1)
  8 goblins
  2 hobgoblins (D:1)
  5 jackals (D:1)
  A quokka (D:1)
  5 ball pythons (D:1)
  2 bats (D:1)
  A frilled lizard (D:1)
  19 kobolds
  3 rats
  22 briar patches (Swamp:4)
  2 bushes (Depths:3)
927 creatures vanquished.

Vanquished Creatures (others)
  The ghost of MrDizzy the Warrior, an adept GrAE of Vehumet (Elf:2)
  17 eldritch tentacles
  A wendigo (Zig:10)
  A yellow draconian (Zot:5)
  A blizzard demon (Zig:11)
  A salamander tyrant (Snake:4)
  A two-headed ogre (D:8)
  2 deep trolls
  A phantasmal warrior (Zig:6)
  2 wizards
  A naga mage (Snake:4)
  A black mamba (Snake:4)
  A bloated husk (Swamp:2)
  A yak (D:9)
  Duvessa (D:7)
  An ogre (D:6)
  A glowing shapeshifter simulacrum (Zig:10)
  3 wights (D:7)
  An elephant simulacrum (Lair:5)
  A howler monkey (D:10)
  An iguana (D:5)
  An orc wizard (Orc:1)
  An orc (D:6)
  2 ball lightnings (Elf:2)
  20 foxfires
  34 fungi
  85 plants
  58 snaplasher vines
  3 starspawn tentacles (Zig:12)
  13 withered plants (Lair:5)
258 creatures vanquished.

Grand Total: 2737 creatures vanquished

Notes
Turn   | Place    | Note
-------+----------+-------------------------------------------
     0 | D:1      | Stephen2Aus the Gnoll Summoner began the quest for the Orb.
     0 | D:1      | Reached XP level 1. HP: 13/13 MP: 6/6
   200 | D:1      | Reached XP level 2. HP: 20/20 MP: 4/7
   565 | D:1      | Reached skill level 5 in Spellcasting
   565 | D:1      | Reached XP level 3. HP: 23/25 MP: 6/9
   569 | D:1      | Learned a level 3 spell: Call Canine Familiar
   674 | D:1      | Reached skill level 1 in Invocations
  1200 | D:2      | Found a faded altar of an unknown god.
  1239 | D:2      | Reached skill level 1 in Fighting
  1239 | D:2      | Reached skill level 1 in Short Blades
  1239 | D:2      | Reached skill level 1 in Long Blades
  1239 | D:2      | Reached skill level 1 in Axes
  1239 | D:2      | Reached skill level 1 in Maces & Flails
  1239 | D:2      | Reached skill level 1 in Polearms
  1239 | D:2      | Reached skill level 1 in Staves
  1239 | D:2      | Reached skill level 1 in Ranged Weapons
  1239 | D:2      | Reached skill level 1 in Throwing
  1239 | D:2      | Reached skill level 1 in Armour
  1239 | D:2      | Reached skill level 1 in Shields
  1239 | D:2      | Reached skill level 1 in Unarmed Combat
  1239 | D:2      | Reached skill level 1 in Evocations
  1280 | D:2      | Reached XP level 4. HP: 32/32 MP: 7/11
  1851 | D:2      | Learned a level 3 spell: Summon Guardian Golem
  1986 | D:3      | Reached skill level 1 in Conjurations
  1986 | D:3      | Reached skill level 1 in Hexes
  1986 | D:3      | Reached skill level 1 in Necromancy
  1986 | D:3      | Reached skill level 1 in Translocations
  1986 | D:3      | Reached skill level 1 in Transmutations
  1986 | D:3      | Reached skill level 1 in Fire Magic
  1986 | D:3      | Reached skill level 1 in Ice Magic
  1986 | D:3      | Reached skill level 1 in Air Magic
  1986 | D:3      | Reached skill level 1 in Earth Magic
  1986 | D:3      | Reached skill level 1 in Poison Magic
  2013 | D:3      | Found a snail-covered altar of Cheibriados.
  2016 | D:3      | Found an ornate altar of the Wu Jian Council.
  2020 | D:3      | Found a white marble altar of Elyvilon.
  2021 | D:3      | Found a blossoming altar of Fedhas.
  2022 | D:3      | Became a worshipper of Cheibriados the Contemplative
  2025 | D:3      | Found a sacrificial altar of Ru.
  2025 | D:3      | Found a basalt altar of Yredelemnul.
  2050 | D:3      | Found a glowing golden altar of the Shining One.
  2052 | D:3      | Found a burning altar of Makhleb.
  2056 | D:3      | Found a shadowy altar of Dithmenos.
  2685 | D:3      | Found a runed translucent door.
  2686 | D:3      | Noticed Crazy Yiuf
  2697 | D:3      | Killed Crazy Yiuf
  2698 | D:3      | Reached XP level 5. HP: 22/37 MP: 7/12
  3246 | D:4      | Reached XP level 6. HP: 44/44 MP: 10/14
  3397 | D:4      | Reached skill level 5 in Dodging
  3397 | D:4      | Reached skill level 2 in Evocations
  3528 | D:4      | Reached * piety under Cheibriados
  3576 | D:4      | Noticed Eustachio
  3638 | D:4      | Killed Eustachio
  3639 | D:4      | Reached XP level 7. HP: 43/50 MP: 9/15
  3841 | D:5      | Entered Level 5 of the Dungeon
  3951 | D:5      | Found an iron altar of Okawaru.
  4059 | D:5      | Found a stormy altar of Qazlal.
  4106 | D:5      | Found an ancient bone altar of Kikubaaqudgha.
  4142 | D:5      | Found a staircase to the Ecumenical Temple.
  4338 | D:5      | Identified the +12 falchion "Ontu" {distort, Fly rF- rN+++
                  | Int-4}
  4351 | D:5      | Reached skill level 5 in Stealth
  4757 | D:5      | Learned a level 4 spell: Summon Lightning Spire
  4960 | D:6      | Reached skill level 3 in Evocations
  4960 | D:6      | Reached XP level 8. HP: 23/58 MP: 6/16
  5185 | D:6      | Reached ** piety under Cheibriados
  5256 | D:6      | Identified the ring "Zukhliot" {MP+9 Int+3}
  5776 | D:7      | Noticed Dowan
  5778 | D:7      | Noticed Duvessa
  5785 | D:7      | Killed Dowan
  5794 | D:7      | Killed Duvessa
  5864 | D:7      | Found Hitaruq's Assorted Antiques.
  5922 | D:7      | Bought a clouded jade ring for 135 gold pieces
  5922 | D:7      | Identified the ring "Wovviss" {rC- rN+ Will+ Str+2} (You
                  | bought it in a shop on level 7 of the Dungeon)
  6156 | D:7      | Found an opulent altar of Gozag.
  6247 | D:7      | Reached XP level 9. HP: 65/65 MP: 18/18
  6342 | D:7      | Reached skill level 4 in Evocations
  6514 | D:7      | You fall into a shaft and drop 1 floor!
  6524 | D:8      | Noticed Maurice
  6529 | D:8      | Killed Maurice
  6910 | D:8      | Learned a level 4 spell: Airstrike
  7000 | D:8      | Reached skill level 5 in Invocations
  7190 | D:8      | Noticed a two-headed ogre
  7209 | D:8      | Killed a two-headed ogre
  7304 | D:8      | Reached *** piety under Cheibriados
  7442 | D:8      | Reached skill level 5 in Fighting
  7442 | D:8      | Reached skill level 5 in Short Blades
  7442 | D:8      | Reached skill level 5 in Long Blades
  7442 | D:8      | Reached skill level 5 in Axes
  7442 | D:8      | Reached skill level 5 in Maces & Flails
  7442 | D:8      | Reached skill level 5 in Polearms
  7442 | D:8      | Reached skill level 5 in Staves
  7442 | D:8      | Reached skill level 5 in Ranged Weapons
  7442 | D:8      | Reached skill level 5 in Throwing
  7442 | D:8      | Reached skill level 5 in Armour
  7442 | D:8      | Reached skill level 5 in Shields
  7442 | D:8      | Reached skill level 5 in Unarmed Combat
  7442 | D:8      | Reached skill level 5 in Evocations
  7442 | D:8      | Reached XP level 10. HP: 74/74 MP: 20/20
  7718 | D:8      | Identified the +4 scale mail of Depression {rElec}
  8040 | D:9      | Found a staircase to the Lair.
  8300 | D:9      | Reached **** piety under Cheibriados
  8334 | D:9      | Noticed a two-headed ogre
  8347 | D:9      | Killed a two-headed ogre
  8869 | D:10     | Entered Level 10 of the Dungeon
  8879 | D:10     | Reached skill level 6 in Evocations
  8956 | D:10     | Noticed Erica
  8963 | D:10     | Killed Erica
  8964 | D:10     | Reached skill level 5 in Conjurations
  8964 | D:10     | Reached skill level 5 in Hexes
  8964 | D:10     | Reached skill level 5 in Necromancy
  8964 | D:10     | Reached skill level 5 in Translocations
  8964 | D:10     | Reached skill level 5 in Transmutations
  8964 | D:10     | Reached skill level 5 in Fire Magic
  8964 | D:10     | Reached skill level 5 in Ice Magic
  8964 | D:10     | Reached skill level 5 in Air Magic
  8964 | D:10     | Reached skill level 5 in Earth Magic
  8964 | D:10     | Reached skill level 5 in Poison Magic
  8964 | D:10     | Reached XP level 11. HP: 57/81 MP: 19/23
  9109 | D:10     | Noticed Maggie
  9120 | D:10     | Killed Maggie
  9816 | D:11     | Noticed a manticore
  9823 | D:11     | Killed a manticore
 10030 | D:11     | Noticed Grum
 10056 | D:11     | Killed Grum
 10096 | D:11     | Reached ***** piety under Cheibriados
 10199 | D:11     | Noticed Sonja
 10212 | D:11     | Killed Sonja
 10262 | D:11     | Noticed a cyclops
 10295 | D:11     | Killed a cyclops
 10364 | D:11     | Noticed a cyclops
 10370 | D:11     | Killed a cyclops
 10512 | D:11     | Found a staircase to the Orcish Mines.
 10868 | Lair:1   | Entered Level 1 of the Lair of Beasts
 11169 | Lair:1   | Reached skill level 7 in Evocations
 11568 | Lair:2   | Found a staircase to the Swamp.
 11577 | Lair:2   | Reached XP level 12. HP: 91/91 MP: 24/24
 11677 | Lair:2   | Learned a level 6 spell: Summon Cactus Giant
 11810 | Lair:2   | Noticed a boulder beetle
 11827 | Lair:2   | Killed a boulder beetle
 12103 | Lair:2   | Noticed Gastronok
 12116 | Lair:2   | Killed Gastronok
 12341 | Lair:2   | Noticed a death yak
 12348 | Lair:2   | Killed a death yak
 12626 | Lair:2   | Noticed a catoblepas
 12626 | Lair:2   | Noticed a boulder beetle
 12626 | Lair:2   | Noticed a death yak
 12633 | Lair:2   | Killed a death yak
 12634 | Lair:2   | Reached skill level 8 in Evocations
 12640 | Lair:2   | Killed a catoblepas
 12659 | Lair:2   | Killed a boulder beetle
 12660 | Lair:2   | Reached XP level 13. HP: 98/98 MP: 26/26
 13154 | Lair:3   | Reached ****** piety under Cheibriados
 13163 | Lair:3   | Reached skill level 10 in Summonings
 13306 | Lair:3   | Learned a level 6 spell: Statue Form
 13512 | Lair:3   | Found a staircase to the Snake Pit.
 13613 | Lair:3   | Found a runed translucent gate.
 13613 | Lair:3   | Found a runed translucent gate.
 13620 | Lair:3   | Noticed Wizard1ke's ghost (journeyman TrHu)
 13719 | Lair:3   | Found a runed translucent gate.
 14140 | Lair:3   | Upgraded the game from 0.30-a0-636-g200c5c4 to
                  | 0.30-a0-637-gacddeb6
 14743 | Lair:4   | You fall into a shaft and drop 1 floor!
 14743 | Lair:5   | Entered Level 5 of the Lair of Beasts
 14743 | Lair:5   | Found a runed translucent door.
 15112 | Lair:4   | Reached skill level 10 in Spellcasting
 15691 | Lair:5   | Noticed Josephine
 15694 | Lair:5   | Killed Josephine
 15695 | Lair:5   | Reached skill level 10 in Dodging
 15976 | Lair:5   | Found a staircase to the Slime Pits.
 16233 | Temple   | Entered the Ecumenical Temple
 16624 | Lair:5   | Reached skill level 9 in Evocations
 16894 | Lair:5   | Reached skill level 10 in Stealth
 17344 | Lair:5   | Reached skill level 10 in Invocations
 17344 | Lair:5   | Reached XP level 14. HP: 108/108 MP: 28/28
 17400 | Lair:5   | Noticed a dire elephant
 17400 | Lair:5   | Noticed a dire elephant
 17442 | Lair:5   | Identified the +1 falchion of Mayhem {speed, rN+}
 17605 | Lair:5   | Killed a dire elephant
 17609 | Lair:5   | Killed a dire elephant
 18951 | Lair:5   | Gained mutation: Armour fits poorly on your strangely
                  | shaped body. [a neqoxec]
 18954 | Lair:5   | Gained mutation: Your magical capacity is low. (-10% MP) [a
                  | neqoxec]
 19994 | D:12     | Noticed Frances
 20010 | D:12     | Killed Frances
 20621 | D:13     | Noticed Jorgrun
 20632 | D:13     | Killed Jorgrun
 20788 | D:13     | Reached skill level 10 in Fighting
 20788 | D:13     | Reached skill level 10 in Short Blades
 20788 | D:13     | Reached skill level 10 in Long Blades
 20788 | D:13     | Reached skill level 10 in Axes
 20788 | D:13     | Reached skill level 10 in Maces & Flails
 20788 | D:13     | Reached skill level 10 in Polearms
 20788 | D:13     | Reached skill level 10 in Staves
 20788 | D:13     | Reached skill level 10 in Ranged Weapons
 20788 | D:13     | Reached skill level 10 in Throwing
 20788 | D:13     | Reached skill level 10 in Armour
 20788 | D:13     | Reached skill level 10 in Shields
 20788 | D:13     | Reached skill level 10 in Unarmed Combat
 20788 | D:13     | Reached skill level 10 in Evocations
 21146 | D:13     | Reached XP level 15. HP: 115/115 MP: 27/27
 21476 | D:13     | Identified the +3 scale mail of Fabulous Lucidity {Fly
                  | rElec Str+4 Int-2}
 21672 | D:13     | Upgraded the game from 0.30-a0-637-gacddeb6 to
                  | 0.30-a0-652-gcc886f7
 21846 | Orc:1    | Entered Level 1 of the Orcish Mines
 21846 | Orc:1    | Noticed Fannar
 21852 | Orc:1    | Killed Fannar
 22119 | Orc:2    | Entered Level 2 of the Orcish Mines
 22375 | Orc:2    | Found Feul's Weapon Shop.
 22890 | Orc:2    | Found Ichi Oroll's Antique Armour Boutique.
 23006 | Orc:2    | Found Yghaisut's General Store.
 23092 | Orc:2    | Found a staircase to the Elven Halls.
 23183 | Orc:2    | Noticed an orc warlord
 23189 | Orc:2    | Killed an orc warlord
 23224 | Orc:2    | Found Ifila's Antique Weapon Boutique.
 23254 | Orc:2    | Found Ihoab's Jewellery Boutique.
 23269 | Orc:2    | Found Ditilosm's General Store.
 23276 | Orc:2    | Bought a +2 cloak of willpower for 258 gold pieces
 23276 | Orc:2    | Bought a scroll of identify for 24 gold pieces
 23276 | Orc:2    | Bought a scroll of identify for 24 gold pieces
 23318 | Orc:2    | Learned a level 5 spell: Borgnjor's Vile Clutch
 23583 | Orc:1    | Noticed an orc warlord
 23587 | Orc:1    | Killed an orc warlord
 23750 | Orc:1    | Found Amuaxiog's Book Boutique.
 24395 | D:14     | Found a gate to the Vaults.
 24443 | D:14     | Found a shimmering blue altar of Sif Muna.
 24917 | D:15     | Entered Level 15 of the Dungeon
 25372 | D:15     | Reached XP level 16. HP: 124/124 MP: 28/28
 25424 | D:15     | Reached skill level 11 in Evocations
 25675 | D:15     | Found a staircase to the Depths.
 26047 | Orc:1    | Bought a book of Death for 616 gold pieces
 26055 | Orc:1    | Learned a level 7 spell: Haunt
 26235 | Snake:1  | Entered Level 1 of the Snake Pit
 27202 | Snake:1  | Found Vuumu's Book Emporium.
 27202 | Snake:1  | Found Ulon's Jewellery Boutique.
 27244 | Snake:1  | Found Zasiet's Book Emporium.
 27252 | Snake:1  | Bought an amulet of magic regeneration for 450 gold pieces
 27269 | Snake:1  | Bought a Fen Folio for 588 gold pieces
 27275 | Snake:1  | Learned a level 5 spell: Summon Forest
 27657 | Snake:2  | Noticed a nagaraja
 27662 | Snake:2  | Killed a nagaraja
 27905 | Snake:2  | Noticed Saint Roka
 27914 | Snake:2  | Killed Saint Roka
 29000 | Snake:3  | Reached XP level 17. HP: 133/133 MP: 26/30
 29106 | Snake:3  | Reached skill level 10 in Conjurations
 29106 | Snake:3  | Reached skill level 10 in Hexes
 29106 | Snake:3  | Reached skill level 10 in Necromancy
 29106 | Snake:3  | Reached skill level 10 in Translocations
 29106 | Snake:3  | Reached skill level 10 in Transmutations
 29106 | Snake:3  | Reached skill level 10 in Fire Magic
 29106 | Snake:3  | Reached skill level 10 in Ice Magic
 29106 | Snake:3  | Reached skill level 10 in Air Magic
 29106 | Snake:3  | Reached skill level 10 in Earth Magic
 29106 | Snake:3  | Reached skill level 10 in Poison Magic
 29428 | Snake:3  | Reached skill level 12 in Evocations
 29666 | Snake:4  | Entered Level 4 of the Snake Pit
 30296 | Snake:4  | Got a serpentine rune of Zot
 30899 | Swamp:1  | Entered Level 1 of the Swamp
 31249 | Swamp:1  | Identified the ring "Kianiod" {Wiz rF+ rN+ Str+3}
 31330 | Swamp:1  | Reached XP level 18. HP: 141/141 MP: 14/31
 32749 | Swamp:3  | Identified a scroll of acquirement
 32762 | Swamp:3  | Noticed Mlioglotl
 32770 | Swamp:3  | Killed Mlioglotl
 32819 | Swamp:3  | Acquired a book of Beasts
 32979 | Swamp:3  | Learned a level 4 spell: Manifold Assault
 33129 | Swamp:4  | Entered Level 4 of the Swamp
 33276 | Swamp:4  | Paralysed by a fenstrider witch for 3 turns
 33423 | Swamp:4  | Reached skill level 13 in Evocations
 33776 | Swamp:4  | Got a decaying rune of Zot
 34442 | Elf:1    | Entered Level 1 of the Elven Halls
 34447 | Elf:1    | Reached XP level 19. HP: 149/149 MP: 15/33
 34572 | Elf:1    | Found Acwaipn's Magic Scroll Shoppe.
 34608 | Elf:1    | Bought a scroll of amnesia for 64 gold pieces
 34614 | Elf:1    | Found Muulasaf's General Store.
 34892 | Elf:1    | Paralysed by an air elemental for 1 turns
 34915 | Elf:1    | Found a runed translucent gate.
 34915 | Elf:1    | Found a runed translucent gate.
 34916 | Elf:1    | Found a runed translucent gate.
 34921 | Elf:1    | Noticed Biss's ghost (journeyman TrTm)
 35058 | Elf:1    | Found Cirrioce's Distillery.
 35064 | Elf:1    | Found an ancient bone altar of Kikubaaqudgha.
 35401 | Elf:1    | Killed Biss's ghost
 35653 | Elf:2    | Found a runed translucent gate.
 35654 | Elf:2    | Found a runed translucent gate.
 35654 | Elf:2    | Found a runed translucent gate.
 35666 | Elf:2    | Found a runed translucent gate.
 35667 | Elf:2    | Found a runed translucent gate.
 35668 | Elf:2    | Found a runed translucent gate.
 35672 | Elf:2    | Noticed MrDizzy's ghost (adept GrAE)
 35672 | Elf:2    | Noticed Biss's ghost (journeyman TrTm)
 35840 | Elf:2    | Found Kuarofuph's Assorted Antiques.
 36058 | Elf:2    | Killed Biss's ghost
 36061 | Elf:2    | Killed MrDizzy's ghost
 36599 | Elf:2    | Reached skill level 15 in Invocations
 36822 | Elf:3    | Entered Level 3 of the Elven Halls
 36880 | Elf:3    | Found Tohir's Magic Scroll Emporium.
 37066 | Elf:3    | Upgraded the game from 0.30-a0-652-gcc886f7 to
                  | 0.30-a0-654-g3e05ae4
 37066 | Elf:3    | Upgraded the game from 0.30-a0-654-g3e05ae4 to
                  | 0.30-a0-672-gc3a7216
 37160 | Elf:3    | Identified the ring of Ynexkiw {rF+ rC++ rCorr Int+2 Dex-4}
 37214 | Elf:3    | Reached XP level 20. HP: 158/158 MP: 31/34
 37291 | Elf:3    | Found the +12 pair of quick blades "Gyre" and "Gimble"
                  | {protect}
 37518 | Elf:3    | Upgraded the game from 0.30-a0-672-gc3a7216 to
                  | 0.30-a0-691-g754fce4
 37635 | Elf:3    | Reached skill level 14 in Evocations
 37821 | Elf:3    | Identified the +10 rapier "Qos Weo" {freeze, rF+ Str+4}
 37939 | Elf:3    | Upgraded the game from 0.30-a0-691-g754fce4 to
                  | 0.30-a0-694-g3340775
 38009 | Elf:3    | Identified the +3 war axe of Lugey {drain, rElec}
 38108 | Elf:3    | Reached skill level 15 in Spellcasting
 38295 | Elf:3    | Got Sif Muna's Catalogue of Foul Vicissitude
 38304 | Elf:3    | Learned a level 7 spell: Storm Form
 38362 | Elf:3    | Identified the +2 pair of gloves of Efaijeut {rC+ Slay+3}
 38392 | Elf:3    | Identified the +10 sling "Jamicress" {flame, *Corrode *Slow
                  | rF+++ Stlth+}
 38518 | Elf:3    | Upgraded the game from 0.30-a0-694-g3340775 to
                  | 0.30-a0-695-gbc80c1a
 38844 | Vaults:1 | Entered Level 1 of the Vaults
 38995 | Vaults:1 | Found Ukitsoc's Antique Armour Emporium.
 39086 | Vaults:1 | Reached skill level 15 in Dodging
 39205 | Vaults:1 | Noticed Nikola
 39217 | Vaults:1 | Killed Nikola
 39362 | Vaults:1 | Noticed Asterion
 39371 | Vaults:1 | Killed Asterion
 39372 | Vaults:1 | Reached skill level 15 in Stealth
 39911 | Vaults:1 | Learned a level 2 spell: Blink
 39914 | Vaults:1 | Learned a level 2 spell: Wereblood
 39993 | Vaults:1 | Reached XP level 21. HP: 166/166 MP: 26/36
 41139 | Vaults:2 | Found Padu's Assorted Antiques.
 41145 | Vaults:2 | Noticed Jory
 41156 | Vaults:2 | Killed Jory
 41480 | Vaults:2 | Reached skill level 15 in Fighting
 41480 | Vaults:2 | Reached skill level 15 in Short Blades
 41480 | Vaults:2 | Reached skill level 15 in Long Blades
 41480 | Vaults:2 | Reached skill level 15 in Axes
 41480 | Vaults:2 | Reached skill level 15 in Maces & Flails
 41480 | Vaults:2 | Reached skill level 15 in Polearms
 41480 | Vaults:2 | Reached skill level 15 in Staves
 41480 | Vaults:2 | Reached skill level 15 in Ranged Weapons
 41480 | Vaults:2 | Reached skill level 15 in Throwing
 41480 | Vaults:2 | Reached skill level 15 in Armour
 41480 | Vaults:2 | Reached skill level 15 in Shields
 41480 | Vaults:2 | Reached skill level 15 in Unarmed Combat
 41480 | Vaults:2 | Reached skill level 15 in Evocations
 42189 | Vaults:3 | Noticed Boris
 42197 | Vaults:3 | Killed Boris
 42474 | Vaults:3 | Reached XP level 22. HP: 120/175 MP: 17/37
 42724 | Vaults:3 | Found a runed translucent door.
 42724 | Vaults:3 | Noticed Pawaof's ghost (veteran KoBe)
 42773 | Vaults:3 | Killed Pawaof's ghost
 42960 | Vaults:3 | Identified the +6 glaive "Killer Bee's Regret" {holy, rElec
                  | rF++ Int-3 SInv}
 43365 | Vaults:3 | Found a staircase to the Crypt.
 43365 | Vaults:3 | Found a basalt altar of Yredelemnul.
 43366 | Vaults:3 | Found an ancient bone altar of Kikubaaqudgha.
 45001 | Crypt:1  | Entered Level 1 of the Crypt
 45024 | Crypt:1  | Noticed Aizul
 45032 | Crypt:1  | Killed Aizul
 45071 | Crypt:1  | Reached skill level 15 in Summonings
 45897 | Crypt:1  | Noticed Sojobo
 45911 | Crypt:1  | Killed Sojobo
 46250 | Crypt:2  | Reached XP level 23. HP: 160/183 MP: 39/39
 46339 | Crypt:2  | Reached skill level 16 in Evocations
 47230 | Crypt:2  | Identified the ring of Ducuc {Int+2 SInv Stlth+}
 47620 | Crypt:3  | Entered Level 3 of the Crypt
 47771 | Crypt:3  | Acquired the ring of Cunkyvi {rElec rPois rC+ rN+ Dex-5}
 48210 | Crypt:3  | Found a staircase to the Tomb.
 48416 | Crypt:3  | Found a basalt altar of Yredelemnul.
 48711 | Crypt:3  | Found an ancient bone altar of Kikubaaqudgha.
 48711 | Crypt:3  | Noticed a dread lich
 48715 | Crypt:3  | Noticed a royal mummy
 48719 | Crypt:3  | Killed a dread lich
 48720 | Crypt:3  | Found a basalt altar of Yredelemnul.
 48724 | Crypt:3  | Killed a royal mummy
 48830 | Crypt:3  | Found the +9 sword of Zonguldrok {reap}
 48899 | Crypt:3  | Upgraded the game from 0.30-a0-695-gbc80c1a to
                  | 0.30-a0-696-g2367cd0
 49100 | Depths:1 | Entered Level 1 of the Depths
 49340 | Depths:1 | Noticed Boris
 49351 | Depths:1 | Killed Boris
 49530 | Depths:1 | Found a one-way gateway to a ziggurat.
 49551 | Depths:1 | Reached XP level 24. HP: 186/193 MP: 36/39
 49694 | Depths:1 | Found a one-way gate to the infinite horrors of the Abyss.
 49831 | Depths:1 | Found a sparkling altar of Nemelex Xobeh.
 49919 | Depths:1 | Found Kutzahud's General Store.
 49949 | Depths:1 | Found a gateway to Hell.
 50327 | Depths:2 | Noticed Boris
 50335 | Depths:2 | Killed Boris
 50403 | Depths:2 | Reached skill level 17 in Evocations
 50841 | Depths:2 | Found a one-way gate leading to the halls of Pandemonium.
 50845 | Depths:2 | Gained mutation: Your body sometimes deteriorates upon
                  | taking damage. [a cacodemon]
 51255 | Depths:3 | Noticed the Enchantress
 51271 | Depths:3 | Killed the Enchantress
 51581 | Depths:3 | Found a portal to a secret trove of treasure.
 51683 | Depths:3 | Noticed Boris
 51697 | Depths:3 | Killed Boris
 52136 | Depths:4 | Entered Level 4 of the Depths
 52283 | Depths:4 | Gained mutation: You are frail. (-10% HP) [a cacodemon]
 52301 | Depths:4 | Lost mutation: You are frail. (-10% HP) [potion of
                  | mutation]
 52301 | Depths:4 | Lost mutation: Your body sometimes deteriorates upon taking
                  | damage. [potion of mutation]
 52301 | Depths:4 | Gained mutation: You are robust. (+10% HP) [potion of
                  | mutation]
 52615 | Depths:4 | Noticed a juggernaut
 52626 | Depths:4 | Killed a juggernaut
 52830 | Depths:4 | Found a shimmering blue altar of Sif Muna.
 52858 | Depths:4 | Identified the amulet "Kiux" {RegenMP Slay+3}
 52875 | Depths:4 | Got Ziwkexko's Papyrus of Formation
 52884 | Depths:4 | Learned a level 7 spell: Malign Gateway
 52989 | Depths:4 | Noticed a juggernaut
 52997 | Depths:4 | Killed a juggernaut
 53008 | Depths:4 | Reached skill level 18 in Evocations
 53037 | Depths:4 | Reached XP level 25. HP: 221/221 MP: 7/40
 53135 | Depths:4 | Found a runed translucent door.
 53159 | Depths:4 | Found a runed translucent door.
 53298 | Depths:4 | Found a runed translucent door.
 53298 | Depths:4 | Found a runed translucent door.
 53344 | Depths:4 | Found a runed translucent door.
 53415 | Depths:4 | Found a runed translucent door.
 53497 | Depths:4 | Found a gate to the Realm of Zot.
 54197 | Vaults:5 | Entered Level 5 of the Vaults
 54224 | Vaults:5 | Reached skill level 15 in Conjurations
 54224 | Vaults:5 | Reached skill level 15 in Hexes
 54224 | Vaults:5 | Reached skill level 15 in Necromancy
 54224 | Vaults:5 | Reached skill level 15 in Translocations
 54224 | Vaults:5 | Reached skill level 15 in Transmutations
 54224 | Vaults:5 | Reached skill level 15 in Fire Magic
 54224 | Vaults:5 | Reached skill level 15 in Ice Magic
 54224 | Vaults:5 | Reached skill level 15 in Air Magic
 54224 | Vaults:5 | Reached skill level 15 in Earth Magic
 54224 | Vaults:5 | Reached skill level 15 in Poison Magic
 54266 | Vaults:5 | Noticed a dread lich
 54270 | Vaults:5 | Reached skill level 19 in Evocations
 54273 | Vaults:5 | Killed a dread lich
 54386 | Vaults:5 | Noticed an ancient lich
 54641 | Vaults:5 | Reached XP level 26. HP: 197/232 MP: 40/40
 54652 | Vaults:5 | Killed an ancient lich
 54785 | Vaults:5 | Found Qoedgh's Book Emporium.
 55249 | Vaults:5 | Found the +2 Maxwell's thermic engine {flame, freeze}
 55267 | Vaults:5 | Got a silver rune of Zot
 55918 | Slime:1  | Entered Level 1 of the Pits of Slime
 55936 | Slime:1  | Gained mutation: You sometimes lose your temper in combat.
                  | [a shining eye]
 56280 | Slime:2  | Paralysed by a floating eye for 2 turns
 57006 | Slime:4  | Gained mutation: You are clumsy. (Dex -2) [a shining eye]
 57007 | Slime:4  | Paralysed by a floating eye for 3 turns
 57010 | Slime:4  | Gained mutation: You have an uncontrollable temper. [a
                  | shining eye]
 57011 | Slime:4  | Gained mutation: Your magical capacity is very low. (-20%
                  | MP) [a shining eye]
 57250 | Slime:5  | Entered Level 5 of the Pits of Slime
 57319 | Slime:5  | Noticed the Royal Jelly
 57337 | Slime:5  | Killed the Royal Jelly
 57338 | Slime:5  | Reached skill level 20 in Evocations
 57345 | Slime:5  | Gained mutation: Your magical capacity is extremely low.
                  | (-30% MP) [a shining eye]
 57346 | Slime:5  | Gained mutation: You are weak. (Str -2) [a shining eye]
 57481 | Slime:4  | Lost mutation: You have an uncontrollable temper. [potion
                  | of mutation]
 57481 | Slime:4  | Lost mutation: Armour fits poorly on your strangely shaped
                  | body. [potion of mutation]
 57481 | Slime:4  | Gained mutation: You are strong-willed. (Will+) [potion of
                  | mutation]
 57482 | Slime:4  | Lost mutation: You sometimes lose your temper in combat.
                  | [potion of mutation]
 57482 | Slime:4  | Lost mutation: You are strong-willed. (Will+) [potion of
                  | mutation]
 57482 | Slime:4  | Gained mutation: You are occasionally teleported next to
                  | monsters. [potion of mutation]
 57482 | Slime:4  | Gained mutation: You are partially covered in iridescent
                  | scales. (AC +2) [potion of mutation]
 57483 | Slime:4  | Lost mutation: You are clumsy. (Dex -2) [potion of
                  | mutation]
 57483 | Slime:4  | Lost mutation: You are robust. (+10% HP) [potion of
                  | mutation]
 57483 | Slime:4  | Lost mutation: You are weak. (Str -2) [potion of mutation]
 57483 | Slime:4  | Gained mutation: You passively dampen the noise of your
                  | surroundings. [potion of mutation]
 57484 | Slime:4  | Lost mutation: You passively dampen the noise of your
                  | surroundings. [potion of mutation]
 57484 | Slime:4  | Lost mutation: You are partially covered in iridescent
                  | scales. (AC +2) [potion of mutation]
 57484 | Slime:4  | Lost mutation: You are occasionally teleported next to
                  | monsters. [potion of mutation]
 57484 | Slime:4  | Lost mutation: Your magical capacity is extremely low.
                  | (-30% MP) [potion of mutation]
 57484 | Slime:4  | Gained mutation: You have hidden genetic potential. [potion
                  | of mutation]
 57485 | Slime:4  | Lost mutation: You have hidden genetic potential. [potion
                  | of mutation]
 57485 | Slime:4  | Lost mutation: Your magical capacity is very low. (-20% MP)
                  | [potion of mutation]
 57485 | Slime:4  | Gained mutation: You are occasionally teleported next to
                  | monsters. [potion of mutation]
 57486 | Slime:4  | Lost mutation: You are occasionally teleported next to
                  | monsters. [potion of mutation]
 57486 | Slime:4  | Lost mutation: Your magical capacity is low. (-10% MP)
                  | [potion of mutation]
 57486 | Slime:4  | Gained mutation: Your system is resistant to poisons.
                  | (rPois) [potion of mutation]
 57557 | Slime:5  | Gained mutation: Your spells are a little easier to cast,
                  | but a little less powerful. [a shining eye]
 57673 | Slime:5  | Got the Quarto of the Salvo
 57701 | Slime:5  | Identified the +4 chain mail of Nuyt {rElec Dex+2}
 57709 | Slime:5  | Got the Elucidation of Hazy Heat
 57730 | Slime:5  | Got a slimy rune of Zot
 57780 | Slime:5  | Acquired the ring "Jakuad" {rC+ rN+ Str+2 Slay+5}
 57792 | Slime:5  | Learned a level 9 spell: Dragon's Call
 58145 | Lair:3   | Killed Wizard1ke's ghost
 58420 | Zig:1    | Entered Level 1 of a ziggurat
 58430 | Zig:2    | Entered Level 2 of a ziggurat
 58446 | Zig:3    | Entered Level 3 of a ziggurat
 58471 | Zig:3    | Identified the +0 robe "Sidwuz" {*Corrode rC+ rN+++ Int+5}
 58884 | Zig:4    | Entered Level 4 of a ziggurat
 58884 | Zig:4    | Found the necklace of Bloodlust {Fury *Rage Will++ Int-3
                  | Slay+6}
 59000 | Zig:4    | Identified the ring of Tomorrow {rPois rF- AC+4 Str+6
                  | Dex+2}
 59012 | Zig:5    | Entered Level 5 of a ziggurat
 59137 | Zig:6    | Entered Level 6 of a ziggurat
 59140 | Zig:6    | Noticed an ancient lich
 59146 | Zig:6    | Killed an ancient lich
 59265 | Zig:7    | Entered Level 7 of a ziggurat
 59279 | Zig:7    | Reached XP level 27. HP: 174/219 MP: 6/46
 59363 | Zig:7    | Identified the +1 plate armour "Ytsed" {Harm rN+ Int+5}
 59384 | Zig:8    | Entered Level 8 of a ziggurat
 59388 | Zig:8    | Noticed an ancient lich
 59399 | Zig:8    | Killed an ancient lich
 59432 | Zig:8    | Identified the amulet of Ponuets {Regen+ Int+5}
 59474 | Zig:9    | Entered Level 9 of a ziggurat
 59477 | Zig:9    | Noticed a dread lich
 59488 | Zig:9    | Killed a dread lich
 59566 | Zig:9    | Identified the ring of Ivomnioj {rF+ Str+4}
 59603 | Zig:10   | Entered Level 10 of a ziggurat
 59613 | Zig:10   | Found the +8 storm bow {elec, penet}
 59813 | Zig:10   | Identified the +7 sling "Leepua" {flame, rN++ Int+2}
 59814 | Zig:10   | Identified the +6 scale mail "Atwuit" {Rampage Int-5 Dex+2}
 59816 | Zig:10   | Identified the amulet "Farar" {Will+ Regen+}
 59821 | Zig:10   | Identified the +1 scale mail "Efoir" {+Inv rF+ Slay+5}
 59829 | Zig:10   | Got the Spellbook of Decaying Lithomancy
 59866 | Zig:11   | Entered Level 11 of a ziggurat
 59873 | Zig:11   | Reached skill level 21 in Evocations
 59989 | Zig:11   | Identified the +1 pair of boots of True Grit {*Slow Fly
                  | Regen+ Int+3}
 60003 | Zig:11   | Got the Monograph on Lethal Transfiguration
 60044 | Zig:12   | Entered Level 12 of a ziggurat
 60085 | Zig:12   | Found the +4 Cigotuvi's embrace {Corpsefed rMiasma Drain
                  | rN+}
 60336 | Zig:12   | Got the Commentary on Polar Locality
 60345 | Zig:12   | Identified the +5 great sword "Veephim" {flame, Stlth+}
 60346 | Zig:12   | Identified the amulet "Laclir" {rElec Regen+ Dex+3}
 60358 | Zig:12   | Identified the +8 halberd of Peher {drain, Str+3 Int-4
                  | Dex+2}
 60363 | Zig:12   | Identified the +3 dagger of Cheibriados's Esteem {heavy,
                  | Fly Str-2 Int+5}
 60486 | Zot:1    | Entered Level 1 of the Realm of Zot
 60656 | Zot:1    | Found a transporter.
 60702 | Zot:1    | Found a transporter.
 60887 | Zot:1    | Found a transporter.
 61032 | Zot:1    | Found a transporter.
 61442 | Zot:2    | Acquired the amulet "Heet" {Reflect *Corrode Int+6 SH+5}
 62471 | Zot:3    | Identified the +5 halberd of Summer {venom, Dex+2 Stlth+}
 62742 | Zot:3    | Reached skill level 22 in Evocations
 63797 | Zot:4    | Noticed an orb of fire
 63805 | Zot:4    | Killed an orb of fire
 64391 | Zot:5    | Entered Level 5 of the Realm of Zot
 64744 | Zot:5    | Noticed a dread lich
 64752 | Zot:5    | Killed a dread lich
 64753 | Zot:5    | Upgraded the game from 0.30-a0-696-g2367cd0 to
                  | 0.30-a0-702-gdf48620
 64787 | Zot:5    | Identified the +11 shortbow of Leibesk {heavy, Int+3}
 64975 | Zot:5    | Noticed an ancient lich
 64984 | Zot:5    | Noticed a dread lich
 64985 | Zot:5    | Paralysed by a dread lich for 3 turns
 64998 | Zot:5    | Killed an ancient lich
 64998 | Zot:5    | Paralysed by something for 2 turns
 65002 | Zot:5    | Killed a dread lich
 65221 | Zot:5    | Noticed an orb of fire
 65223 | Zot:5    | Gained mutation: Your body sometimes deteriorates upon
                  | taking damage. [an orb of fire]
 65229 | Zot:5    | Killed an orb of fire
 65245 | Zot:5    | Reached skill level 23 in Evocations
 65285 | Zot:5    | Identified the +8 flail "Rilubil" {elec, *Corrode Str+5
                  | Dex+5}
 65332 | Zot:5    | Noticed an ancient lich
 65337 | Zot:5    | Killed an ancient lich
 65458 | Zot:5    | Noticed an orb of fire
 65463 | Zot:5    | Killed an orb of fire
 65500 | Zot:5    | Noticed an orb of fire
 65509 | Zot:5    | Killed an orb of fire
 65905 | Zot:5    | Identified the +1 ring mail of the Hidden Vale {rPois rC-
                  | Int+2}
 66021 | Zot:5    | Got the Orb of Zot
 66057 | Zot:3    | Noticed Logaogg the pandemonium lord
 66060 | Zot:3    | Killed Logaogg the pandemonium lord
 66506 | D:5      | Noticed Ceocis the pandemonium lord
 66591 | D:$      | Escaped with the Orb!

Illustrated notes

Levels and vault maps discovered:
D:1:      lightli_arrival_quake, layout_basic
D:2:      layout_basic, dreamdust_ecumenical_altar_statues,
          hangedman_decor_clover_reticule
D:3:      layout_loops_cross, nicolae_overflow_hallway_of_the_gods,
          uniq_crazy_yiuf_cottage
D:4:      layout_loops_corners, uniq_eustachio
D:5:      layout_loops_ring, mainiacjoe_overflow_tiny_flanked,
          mainiacjoe_overflow_boulevard, nicolae_qazlal_eye_of_the_storm,
          minmay_temple_entry_enclosed_plants, minmay_misc_feat_iff
D:6:      layout_basic
D:7:      layout_gridville, grunt_gozag_statues, serial_shops,
          nicolae_shop_hallway_stairs, uniq_prince_ribbit1, uniq_duvessa
D:8:      layout_loops_corners, grunt_ministairs_6, uniq_maurice
D:9:      layout_rooms, lair_entry_dummy, serial_glass, glass_columns_a,
          glass_columns_b, enter_bailey_5, roderic_roman_lattice, minivault_5
D:10:     layout_irregular_city, uniq_maggie, uniq_erica
D:11:     layout_roguey, david_orc_1_choice, uniq_sonja, uniq_grum
D:12:     layout_loops_corners, uniq_frances
D:13:     layout_roguey, uniq_jorgrun
D:14:     layout_rooms, erik_vaults_2, patterned_corridor, lemuel_blue_sif_altar
D:15:     grunt_enter_depths_snipers, layout_loops_ring, minmay_crystal_water
Temple:   kb_temple_of_zot
Lair:1:   layout_loops_ring
Lair:2:   layout_roguey, swamp_mist, minmay_shattered_shrine, uniq_gastronok
Lair:3:   layout_chaotic_city, nicolae_snake_entry_warm_welcome,
          ebering_ghost_rock_garden, beast_lair_carwin_4
Lair:4:   minmay_lair_oklob_chamber, layout_gridlike
Lair:5:   due_jungle_book, layout_gridlike, slime_entry_2, dpeg_oklob_1,
          uniq_josephine
Swamp:1:  layout_basic_swamp, serial_swamp_ruin, evilmike_swamp_ruin_house_3,
          hangedman_swamp_ruin_hall, swamp_pool5, infiniplex_staircase_pool_2
Swamp:2:  layout_falls_marsh, evilmike_swamp_ruin_house_2, swamp_pool4,
          nicolae_swamp_necromancer_hut
Swamp:3:  layout_falls_marsh, nicolae_swamp_ascending_descending, swamp_pool4,
          st_swamp_mini, uniq_mlioglotl
Swamp:4:  swamp, layout_basic_swamp, infiniplex_staircase_pool
Snake:1:  layout_gridlike, grunt_ministairs_11, minmay_shop_grove,
          serial_bayou_shore_b, serial_bayou_shore_a
Snake:2:  layout_honeycomb, serial_bayou_shore_b, grunt_megastairs_1,
          uniq_saint_roka
Snake:3:  layout_onion_interference, grunt_megastairs_3, lemuel_fruit_tree
Snake:4:  snake_pit, layout_cave_town
Slime:1:  layout_caves
Slime:2:  layout_caves
Slime:3:  layout_caves
Slime:4:  layout_caves
Slime:5
Orc:1:    layout_caves, serial_shops, shop, uniq_fannar
Orc:2:    grunt_orc_cross, layout_caves, serial_shops, shop, shop, mines2_david
Elf:1:    minmay_elf_arrival_plus, layout_geoelf_octagon,
          ebering_ghost_rock_garden, basic_altar, serial_shops, bzr_firewalk,
          nicolae_shop_competitors_out_of_business, shop,
          nicolae_shop_behind_doors, minivault_28, minivault_24
Elf:2:    nicolae_elf_blades_crystal_corner, layout_rooms, serial_shops, shop,
          gammafunk_ghost_cemetery, dreamdust_mushroom_princess, drop_trap
Elf:3:    minmay_elf_hall_curves, layout_gridlike,
          hellmonk_guarded_unrand_gyre_and_gimble, minmay_shop_star
Vaults:1: vaults_mumra_chevron_long, ontoclasm_vaults_tryst,
          nicolae_vaults_network_quinsquares
          [nicolae_vaults_network_quincunx_subvault,
          nicolae_vaults_network_quincunx_subvault,
          nicolae_vaults_network_quincunx_subvault,
          nicolae_vaults_network_quincunx_subvault], v_alt_pattern_4,
          nicolae_vaults_three_branches, hangedman_vaults_trim,
          hangedman_vaults_pinch, v_alt_pattern_5, nicolae_vaults_angled_halls,
          nicolae_vaults_big_ls, st_smaller_cells, layout_vaults_maze_bifur,
          serial_shops, shop_statue, uniq_asterion, uniq_nikola
Vaults:2: ontoclasm_vaults_hangar, vaults_dpeg_cross,
          vaults_standard_mumra_enter_the_diamond, ontoclasm_vaults_twist,
          hangedman_vaults_slice, v_misc_12, nicolae_vaults_ring_of_whatevers,
          vaults_dpeg_emergency_exit, grunt_vaults_diagonal, v_misc_27,
          layout_vaults_big_room, serial_shops, nicolae_shop_stone, uniq_jory
Vaults:3: gammafunk_ghost_grave, nicolae_vaults_mini_display_case, v_rooms_6,
          hangedman_vaults_nodes, minmay_crypt_entry_necro_gods,
          hangedman_vaults_nails, ontoclasm_vaults_gallery, v_misc_3,
          hangedman_vaults_river_flow, ontoclasm_vaults_shuriken,
          ontoclasm_vaults_decontamination, ontoclasm_vaults_pinch,
          nicolae_vaults_little_squares_2, layout_vaults_omnicross, uniq_boris
Vaults:4: hangedman_vaults_stitches, nicolae_vaults_network_s, v_pattern_4,
          hangedman_vaults_maws, vaults_dpeg_ring, layout_vaults_omnigrid
Vaults:5
Crypt:1:  hangedman_staggered_hall, layout_regular_city, uniq_aizul, uniq_sojobo
Crypt:2:  layout_catacombs, roderic_lattice_octagonal_star
Crypt:3:  lightli_unholy_cathedral, layout_chaotic_city,
          nicolae_tomb_entry_grand_gallery, hangedman_blasphemy
Depths:1: layout_long_grid, enter_ziggurat_b, abyss_entry_crystal, serial_shops,
          shop, grunt_hell_horde, serial_sigils, serial_sigils_hangedman_gut,
          serial_sigils_hangedman_leer, serial_sigils_hangedman_scratch,
          serial_sigils_hangedman_quiver, serial_sigils_hangedman_gut,
          serial_sigils_hangedman_stare, chequers_serial_rivers_small_3,
          nrook_uturn, nemelex_lonely_heart_becter, serial_bayou_shore_b
Depths:2: hellmonk_crumbling_castle, layout_honeycomb, grunt_pan_entry_sceptre,
          hell_entry, abyss_entry, hangedman_abyss_or_decor_stagger,
          minmay_misc_feat_doors
Depths:3: nicolae_cairo_tiling_large, layout_basic, minmay_hedge_maze,
          pf_dread_powers_of_hell, hangedman_abyss_entry_splay,
          nicolae_trove_entry_isolated, minmay_staircase_windowed_large,
          uniq_enchantress
Depths:4: evilmike_zot_entry_castle, layout_cave_pools, hell_entry,
          roderic_lattice_a, rand_demon_pan_entry_3, abyss_entry, serial_bayou,
          serial_bayou_pond_e, serial_bayou_lagoon_a, serial_bayou_pond_a,
          serial_bayou_pond_e, serial_bayou_shore_b, serial_bayou_pond_b,
          chequers_serial_rivers_room_b, minmay_crystal_room,
          hangedman_summoners_spam
Zot:1:    layout_misc_corridors, grunt_ministairs_5, nicolae_diode_intersection
Zot:2:    layout_onion_interference, uniq_grunn
Zot:3:    cheibrodos_zot_enchanting_chambers, layout_basic,
          hangedman_elemental_grid_stream
Zot:4:    kennysheep_spiral_hall, layout_misc_corridors,
          hangedman_elemental_grid_stream
Zot:5:    layout_onion

Skill      XL: |  1  2  3  4  5  6  7  8  9 10 11 12 13 14 15 16 17 18 19 20 21 22 23 24 25 26 27 |
---------------+----------------------------------------------------------------------------------+-----
Spellcasting   | 5 6 7 8 9 10 11 12 13 14 15 16 17 18 19 21 | 21.0
Invocations    | 1 2 3 4 5 6 7 8 10 11 12 13 14 15 16 17 18 19 20 22 | 22.1
Fighting       | 1 2 3 5 6 7 8 9 10 11 12 13 14 15 16 17 18 20 | 20.5
Short Blades   | 1 2 3 5 6 7 8 9 10 11 12 13 14 15 16 17 18 20 | 20.5
Long Blades    | 1 2 3 5 6 7 8 9 10 11 12 13 14 15 16 17 18 20 | 20.5
Axes           | 1 2 3 5 6 7 8 9 10 11 12 13 14 15 16 17 18 20 | 20.5
Maces & Flails | 1 2 3 5 6 7 8 9 10 11 12 13 14 15 16 17 18 20 | 20.5
Polearms       | 1 2 3 5 6 7 8 9 10 11 12 13 14 15 16 17 18 20 | 20.5
Staves         | 1 2 3 5 6 7 8 9 10 11 12 13 14 15 16 17 18 20 | 20.5
Ranged Weapons | 1 2 3 5 6 7 8 9 10 11 12 13 14 15 16 17 18 20 | 20.5
Throwing       | 1 2 3 5 6 7 8 9 10 11 12 13 14 15 16 17 18 20 | 20.5
Armour         | 1 2 3 5 6 7 8 9 10 11 12 13 14 15 16 17 18 22 | 22.1
Shields        | 1 2 3 5 6 7 8 9 10 11 12 13 14 15 16 17 18 20 | 20.5
Unarmed Combat | 1 2 3 5 6 7 8 9 10 11 12 13 14 15 16 17 18 20 | 20.5
Evocations     | 1 2 3 5 6 7 8 9 10 11 12 13 14 15 16 18 19 20 23 | 23.6
Conjurations   | 1 2 3 4 5 6 7 8 9 10 11 12 13 14 15 17 | 17.5
Hexes          | 1 2 3 4 5 6 7 8 9 10 11 12 13 14 15 17 | 17.5
Necromancy     | 1 2 3 4 5 6 7 8 9 10 11 12 13 14 15 17 | 17.5
Translocations | 1 2 3 4 5 6 7 8 9 10 11 12 13 14 15 17 | 17.5
Transmutations | 1 2 3 4 5 6 7 8 9 10 11 12 13 14 15 17 | 17.5
Fire Magic     | 1 2 3 4 5 6 7 8 9 10 11 12 13 14 15 17 | 17.5
Ice Magic      | 1 2 3 4 5 6 7 8 9 10 11 12 13 14 15 17 | 17.5
Air Magic      | 1 2 3 4 5 6 7 8 9 10 11 12 13 14 15 17 | 17.5
Earth Magic    | 1 2 3 4 5 6 7 8 9 10 11 12 13 14 15 17 | 17.5
Poison Magic   | 1 2 3 4 5 6 7 8 9 10 11 12 13 14 15 17 | 17.5
Dodging        | 5 6 7 8 9 10 11 12 13 14 15 16 17 18 19 20 | 20.9
Stealth        | 5 6 7 8 9 10 11 12 13 14 15 16 17 18 19 20 | 20.8
Summonings     | 8 9 10 11 12 13 14 15 16 17 18 20 | 20.8

Action                   |  1- 3 |  4- 6 |  7- 9 | 10-12 | 13-15 | 16-18 | 19-21 | 22-24 | 25-27 || total
-------------------------+-------+-------+-------+-------+-------+-------+-------+-------+-------++-------
Melee: Unarmed           |    11 |       |       |       |       |   126 |   650 |   897 |  1119 ||  2803
       Bite              |     4 |     3 |     3 |    16 |    63 |    57 |    14 |    10 |     3 ||   173
       Mace              |    41 |       |       |       |       |       |       |       |       ||    41
       Hand axe          |       |    33 |    16 |       |       |       |       |       |       ||    49
       Punch             |       |     2 |       |     6 |    12 |       |    26 |    91 |   117 ||   254
       War axe           |       |       |    30 |    13 |       |       |       |       |       ||    43
       Scimitar          |       |       |       |   100 |   338 |   206 |       |       |       ||   644
Throw: Boomerang         |     5 |    27 |       |       |       |       |       |       |       ||    32
       Dart              |       |    21 |    25 |    36 |    25 |    10 |       |       |       ||   117
       Throwing net      |       |       |       |     1 |       |       |       |       |       ||     1
 Cast: Summon Small Mamm |    28 |     4 |       |     3 |     2 |     4 |     1 |       |       ||    42
       Call Canine Famil |    11 |    16 |    18 |    23 |    27 |     1 |       |       |       ||    96
       Summon Guardian G |       |       |    11 |     5 |     1 |       |       |       |       ||    17
       Summon Lightning  |       |       |    16 |    48 |   124 |   101 |    41 |       |       ||   330
       Airstrike         |       |       |       |    13 |    46 |    30 |     6 |     4 |       ||    99
       Summon Cactus Gia |       |       |       |    11 |    70 |    88 |    52 |     6 |       ||   227
       Statue Form       |       |       |       |       |    53 |    88 |    52 |     8 |     6 ||   207
       Borgnjor's Vile C |       |       |       |       |     3 |    15 |     3 |     4 |       ||    25
       Summon Forest     |       |       |       |       |       |    72 |    47 |    24 |    17 ||   160
       Haunt             |       |       |       |       |       |     1 |     4 |     9 |     5 ||    19
       Manifold Assault  |       |       |       |       |       |     4 |   222 |   150 |   210 ||   586
       Storm Form        |       |       |       |       |       |       |    35 |    87 |   100 ||   222
       Wereblood         |       |       |       |       |       |       |    21 |    75 |    91 ||   187
       Blink             |       |       |       |       |       |       |       |     1 |     2 ||     3
       Malign Gateway    |       |       |       |       |       |       |       |     2 |    16 ||    18
       Dragon's Call     |       |       |       |       |       |       |       |       |     7 ||     7
Invok: Step From Time    |       |       |       |       |       |       |     1 |       |       ||     1
 Abil: End Transformatio |       |       |       |       |     1 |     1 |       |       |       ||     2
       Blinkbolt         |       |       |       |       |       |       |    12 |    74 |    72 ||   158
Evoke: Wand              |       |       |     1 |     2 |     7 |       |       |       |       ||    10
       Box of beasts     |       |       |       |       |       |       |     2 |       |       ||     2
       Phantom mirror    |       |       |       |       |       |       |     1 |       |       ||     1
  Use: Scroll            |       |     6 |     2 |     8 |    12 |    16 |     5 |     3 |    18 ||    70
       Potion            |       |       |     2 |     1 |     1 |     2 |     1 |     3 |    14 ||    24
 Stab: Sleeping          |       |     1 |       |     1 |     4 |     1 |       |       |     2 ||     9
       Distracted        |       |       |     1 |     5 |    20 |    11 |     5 |    10 |    17 ||    69
       Betrayed ally     |       |       |       |     1 |       |       |       |       |       ||     1
       Fleeing           |       |       |       |     2 |       |       |       |       |       ||     2
Armor: Robe              |    20 |     3 |     5 |     1 |    18 |       |       |       |     2 ||    49
       Troll leather arm |       |       |       |    20 |    16 |     8 |       |     6 |       ||    50
       Skin              |       |       |       |       |    76 |   323 |   123 |   105 |   136 ||   763
Dodge: Dodged            |    63 |    23 |    68 |   200 |   458 |   857 |   437 |   837 |  1249 ||  4192
Block: Buckler           |       |       |       |       |   138 |   101 |       |       |       ||   239
       Kite shield       |       |       |       |       |       |   539 |   263 |    53 |    37 ||   892

Table legend: (Time is in decaauts)
 A = Elapsed time spent in this place.
 B = Non-inter-level travel time spent in this place.
 C = Inter-level travel time spent in this place.
 D = Time resting spent in this place.
 E = Time spent auto-exploring this place.
 F = Levels seen in this place.
 G = Mean time per level.
                   A        B        C        D        E       F      G
               +--------+--------+--------+--------+--------+-----+--------+
         Total | 105882 |  95496 |  10386 |   2623 |  77340 |  68 | 1557.1 |
       Dungeon |  24684 |  20814 |   3870 |    529 |  17157 |  15 | 1645.6 |
        Temple |    193 |    176 |     17 |      0 |    166 |   1 |  193.0 |
          Lair |  12485 |  10849 |   1636 |    893 |   8380 |   5 | 2497.0 |
         Swamp |   6450 |   6122 |    328 |     48 |   4969 |   4 | 1612.5 |
     Snake Pit |   8499 |   8016 |    483 |     39 |   6455 |   4 | 2124.8 |
    Slime Pits |   3607 |   3362 |    245 |     64 |   2827 |   5 |  721.4 |
  Orcish Mines |   4120 |   3403 |    717 |    140 |   2643 |   2 | 2060.0 |
   Elven Halls |   7955 |   7499 |    456 |    259 |   5533 |   3 | 2651.7 |
        Vaults |  12610 |  11497 |   1113 |    136 |   9892 |   5 | 2522.0 |
         Crypt |   6030 |   5858 |    172 |      0 |   5038 |   3 | 2010.0 |
        Depths |   8237 |   7520 |    717 |     18 |   6459 |   4 | 2059.2 |
           Zot |   8627 |   8001 |    626 |     43 |   6453 |   5 | 1725.4 |
      Ziggurat |   2380 |   2380 |      0 |    453 |   1364 |  12 |  198.3 |
               +--------+--------+--------+--------+--------+-----+--------+

Top non-repeatable levels by time:
  Lair:5: 4066 daAuts
Vaults:1: 2957 daAuts
Vaults:4: 2916 daAuts
   Orc:2: 2887 daAuts
   Elf:3: 2883 daAuts
Depths:4: 2832 daAuts
   Elf:2: 2816 daAuts
    D:12: 2675 daAuts
   Zot:3: 2641 daAuts
Vaults:3: 2560 daAuts
 Snake:2: 2503 daAuts
  Lair:3: 2398 daAuts
 Snake:1: 2357 daAuts
 Crypt:2: 2340 daAuts
    D:11: 2336 daAuts
